Unix NetHack Version 5.0.0-0 post-release - last build May  4 2026 22:22:43 (774f63e81ad911689b3a0859ea89b322d5daca8d,branch:main).

Game began 2026-05-07 18:17:04, ended 2026-05-07 18:25:51.

BilldaCat, neutral male human Wizard

        --------
        |......|
        |......|        ---     ---
        |.......##      |.       .
        |....<.| #      |.----   .-
        |......|#####   |.|..|---.|
        --------   #    |.|..|..|.|
                   #####|.-|-|..|.|
                  ######-....|..|.|
                       #|.{..-|--.-----
                        |..........|..|-+-
                        +....-|--..-..|..|
                        |.--||..|.----|..|- -
                        |.|..|....|.![|..G...|
                        |.|....--.[...|.s|   |
                        |.|..|....|...|@.|
                        |.----....-----f---------       |
                        |...............................|
                        ---------------------------------

BilldaCat the Conjurer    St:9 Dx:15 Co:14 In:16 Wi:12 Ch:9  Neutral
Dlvl:7  $:46 HP:0(40) Pw:6(41) AC:9  Xp:5 T:1348 

Latest messages:
 The spell hits the gnome!
 You kill the gnome!
 The spell hits the gnome!
 You kill the gnome!
 K - a ring of searching.
 You miss the giant spider.
 The giant spider bites!
 What do you want to eat? [J or ?*] <esc>
 Never mind.
 What do you want to write with? [- ademvCEIK or ?*] -
 You write in the dust with your fingertip.
 What do you want to write in the dust here? Elbereth
 The lizard turns to flee.
 The giant spider turns to flee.
 You hear bubbling water.
 You hear someone cursing shoplifters.
 It misses the lizard.
 It misses the lizard.
 It bites the lizard.
 The lizard misses it.
 It bites the lizard.
 The lizard misses it.
 You hear a door open.
 It misses the lizard.
 It bites the lizard.
 The lizard misses it.
 The giant spider turns to flee.
 You stop waiting.
 Something is written here in the dust.
 You read: "Elbe et?".
 You see no objects here.
 What do you want to write with? [- ademvCEIK or ?*] -
 Do you want to add to the current engraving? [ynq] (y) n
 You wipe out the message that was written in the dust here.
 You write in the dust with your fingertip.
 What do you want to write in the dust here? Elbereth
 The giant spider bites!
 What do you want to write with? [- ademvCEIK or ?*] <esc>
 Never mind.
 Are you sure you want to pray? [yn] (n) y
 You begin praying to Thoth.
 The gnome shoots 2 crossbow bolts!
 The 1st crossbow bolt misses the giant spider.
 You catch the crossbow bolt! L - a crossbow bolt.
 The 2nd crossbow bolt misses the giant spider.
 You are hit by the 2nd crossbow bolt.
 The giant spider bites!
 You die...
 Do you want your possessions identified? [ynq] (y) y
 Do you want to see your attributes? [ynq] (y) q

Inventory:
 Coins    ('$')
  $ - 46 gold pieces
 Amulets  ('"')
  y - a cursed amulet of ESP
 Weapons  (')')
  L - a +0 crossbow bolt
  a - a blessed +1 quarterstaff (weapon in hands)
 Armor    ('[')
  z - a cursed +0 dunce cap
  b - an uncursed +0 cloak of magic resistance (being worn)
 Comestibles  ('%')
  J - an uncursed food ration
 Scrolls  ('?')
  x - a cursed scroll of destroy armor
  p - an uncursed scroll of gold detection
  i - 4 uncursed scrolls of identify
  j - an uncursed scroll of magic mapping
  n - an uncursed scroll of scare monster
 Spellbooks  ('+')
  t - a blessed spellbook of force bolt
 Potions  ('!')
  D - an uncursed potion of blindness
  w - an uncursed potion of booze
  f - an uncursed potion of polymorph
  h - an uncursed potion of restore ability
  r - an uncursed potion of sleeping
  g - an uncursed potion of water
 Rings    ('=')
  e - an uncursed ring of conflict
  E - a cursed ring of hunger
  d - an uncursed ring of searching (on left hand)
  K - an uncursed ring of searching
 Wands    ('/')
  v - a wand of light (0:8)
  I - a wand of undead turning (0:7)
 Tools    ('(')
  k - an uncursed credit card
  m - a magic marker (0:22)
  C - a cursed magic marker (0:96)
  A - an uncursed oil lamp
  B - an uncursed oil lamp

BilldaCat the Wizard's attributes:

Background:
 You were a Conjurer, a level 5 male human Wizard.
 You were neutral, on a mission for Thoth
 who was opposed by Ptah (lawful) and Anhur (chaotic).
 You were right-handed.
 You were in the Gnomish Mines, on level 7.
 You entered the dungeon 1348 turns ago.
 You had 220 experience points, 100 more were needed to attain level 6.

Basics:
 You had 0 out of 40 hit points.
 You had 6 out of 41 energy points (spell power).
 Your armor class was 9.
 Your wallet contained 46 zorkmids.
 Autopickup was on for '$"?!/=' plus thrown, with exceptions.

Final Characteristics:
 Your strength was 9 (limit:18/100).
 Your dexterity was 15 (limit:18).
 Your constitution was 14 (limit:18).
 Your intelligence was 16 (limit:18).
 Your wisdom was 12 (limit:18).
 Your charisma was 9 (limit:18).

Final Status:
 You weren't hungry.
 You were unencumbered.
 You were wielding a quarterstaff.
 You had basic skill with quarterstaff.

Final Attributes:
 You were devoutly aligned.
 You were magic-protected.
 You had automatic searching.
 You were warded.
 You were unlucky.
 You are dead.

Miscellaneous:
 You encountered 1 bones level.
 Total elapsed playing time was 8 minutes and 47 seconds.

Major events:
 Turn
    1: BilldaCat the neutral male human Wizard entered the dungeon
  525: entered the Gnomish Mines
  548: attained the rank of Conjurer (level 3)
 1255: reached Mine Town
 1348: killed by a giant spider, while praying

Spells:
 Name                 Level Category     Fail Retention
 force bolt             1   attack         0%  91%-100%
 confuse monster        1   enchantment    0%  91%-100%

Skills:
 Fighting Skills
   bare handed combat [Unskilled]
   riding             [Unskilled]
 Weapon Skills
   dagger             [Unskilled]
   knife              [Unskilled]
   axe                [Unskilled]
   short sword        [Unskilled]
   club               [Unskilled]
   mace               [Unskilled]
   quarterstaff       [Basic]
   polearms           [Unskilled]
   spear              [Unskilled]
   trident            [Unskilled]
   sling              [Unskilled]
   dart               [Unskilled]
   shuriken           [Unskilled]
 Spellcasting Skills
   attack spells      [Basic]
   healing spells     [Unskilled]
   divination spells  [Unskilled]
   enchantment spells [Basic]
   clerical spells    [Unskilled]
   escape spells      [Unskilled]
   matter spells      [Unskilled]

Voluntary challenges:
 Character rerolling was not enabled.
 You never genocided any monsters.
 You never polymorphed an object.
 You never changed form.
 You used no wishes.
Achievements:
 You entered a shop.
 You entered the Gnomish Mines.
 You attained the rank of Conjurer.
 You entered Minetown.

 The Dungeons of Doom: levels 1 to 3
    Level 1:
       Some fountains.
    Level 2:
       A general store, a fountain.
    Level 3:
       Stairs down to The Gnomish Mines.
 The Gnomish Mines: levels 4 to 7
    Level 4:
       A grave.
       Final resting place for
          01246791210-Bar-Hum-Mal-Neu, killed by a gnome lord.
    Level 5:
    Level 6:
    Level 7: <- You were here.
       A general store, a fountain.
       Final resting place for
          you, killed by a giant spider, while praying.


Vanquished creatures:
  a fog cloud
  a gnome leader
  a kitten
  3 dwarves
  a rothe
  2 wererats
  2 iguanas
  a gas spore
  a hobgoblin
 16 gnomes
  a gecko
  2 kobolds
  a goblin
  4 grid bugs
  2 lichens
  a kobold zombie
  a newt
41 creatures vanquished.

No species were genocided or became extinct.

Game over:
                       ----------
                      /          \
                     /    REST    \
                    /      IN      \
                   /     PEACE      \
                  /                  \
                  |    BilldaCat     |
                  |      46 Au       |
                  |   killed by a    |
                  |   giant spider   |
                  |                  |
                  |                  |
                  |       2026       |
                 *|     *  *  *      | *
        _________)/\\_//(\/(/\)/\//\/|_)_______

Goodbye BilldaCat the Wizard...

You died in The Gnomish Mines on dungeon level 7 with 1232 points,
and 46 pieces of gold, after 1348 moves.
You were level 5 with a maximum of 40 hit points when you died.

